 Dungeon Crawl Stone Soup version 0.20.0-15-g7f486f2 (webtiles) character file.

57729 greprep the Carver (level 14, 0/137 HPs)
             Began as a Minotaur Fighter on June 11, 2017.
             Was the Champion of Qazlal.
             Killed by divine providence
             ... invoked by an orc priest
              (11 damage)
             ... on level 2 of the Orcish Mines.
             The game lasted 00:45:38 (18398 turns).

greprep the Carver (Minotaur Fighter)              Turns: 18398, Time: 00:45:38

Health: 0/137      AC: 19    Str: 18    XL:     14   Next: 46%
Magic:  13/20      EV: 17    Int:  5    God:    Qazlal [******]
Gold:   1010       SH: 21    Dex: 21    Spells: 13/13 levels left

rFire    . . .     SeeInvis .   I - +8 scimitar of Deliaba {speed, rN+}
rCold    . . .     Gourm    .   c - +0 shield
rNeg     + . .     Faith    .   g - +4 ring mail "Maskathe" {rElec rCorr Slay+2}
rPois    +         Spirit   .   m - +2 hat
rElec    +         Reflect  .   L - +0 cloak of the Sun {+Inv +Fly Dex+5}
rCorr    +         Harm     .   Y - +1 pair of gloves
MR       +....                  C - +1 pair of boots
Stlth    +.........             (no amulet)
Regen    0.4/turn               (no ring)
MPRegen  0.2/turn               (no ring)

@: repel missiles
A: retaliatory headbutt, horns 2, poison resistance, robust 1, weak 1
a: Upheaval, Elemental Force, Disaster Area, Renounce Religion, Evoke
Invisibility, Evoke Flight


You were on level 2 of the Orcish Mines.
You worshipped Qazlal.
Qazlal was exalted by your worship.
You were full.

You visited 3 branches of the dungeon, and saw 21 of its levels.
You also visited: Labyrinth.

You collected 1356 gold pieces.
You spent 346 gold pieces at shops.

Inventory:

Hand Weapons
 a - a +0 long sword
 B - the +8 flail "Arcanum" {elec, +Inv rPois}
   (You found it on level 6 of the Dungeon)

   Occasionally, upon striking a foe, it will discharge some electrical energy
   and cause terrible harm.
   It protects you from poison.
   It lets you turn invisible.
 I - the +8 scimitar of Deliaba (weapon) {speed, rN+}
   (You bought it in a shop on level 10 of the Dungeon)

   Attacks with this weapon are significantly faster.
   It protects you from negative energy.
 O - the +8 mithril axe "Arga" {speed, MR+}
   (You found it on level 2 of the Lair of Beasts)

   Attacks with this weapon are significantly faster.
   It affects your resistance to hostile enchantments.
Armour
 c - a +0 shield (worn)
 g - the +4 ring mail "Maskathe" (worn) {rElec rCorr Slay+2}
   (You found it on level 8 of the Dungeon)

   It affects your accuracy and damage with ranged weapons and melee attacks
   (+2).
   It insulates you from electricity.
   It protects you from acid and corrosion.
 m - a +2 hat (worn)
 C - a +1 pair of boots (worn)
 L - the +0 cloak of the Sun (worn) {+Inv +Fly Dex+5}
   (You found it on level 6 of the Lair of Beasts)

   It affects your dexterity (+5).
   It lets you turn invisible.
   It lets you fly.
 R - the +15 Maxwell's patent armour {-Cast -Tele rElec MR+ rCorr}
   (You took it off a minotaur in a labyrinth)

   It insulates you from electricity.
   It affects your resistance to hostile enchantments.
   It prevents spellcasting.
   It prevents most forms of teleportation.
   It protects you from acid and corrosion.
 Y - a +1 pair of gloves (worn)
Wands
 s - a wand of acid (6/15)
 y - a wand of polymorph (4/24)
 D - a wand of lightning (8/15)
 F - a wand of lightning (8/15)
 H - a wand of iceblast (6/15)
 K - a wand of digging (9/24)
 P - a wand of polymorph (10/24)
 S - a wand of flame (32/48)
 T - a wand of lightning (11/15)
Scrolls
 b - 5 scrolls of fear
 e - 5 scrolls of enchant weapon
 i - 6 scrolls of immolation
 k - 2 scrolls of fog
 l - 2 scrolls of noise {unknown}
 n - 4 scrolls of blinking
 p - 9 scrolls of teleportation
 q - 4 scrolls of amnesia
 u - 11 scrolls of remove curse
 v - 8 scrolls of recharging
 w - 2 scrolls of enchant armour {unknown}
 G - a scroll of summoning {unknown}
 J - 3 scrolls of magic mapping
 V - a scroll of holy word {unknown}
 W - 2 scrolls of torment {unknown}
 X - a scroll of brand weapon {unknown}
Potions
 d - a potion of might
 h - 4 potions of lignification
 j - 2 potions of agility
 o - 2 potions of flight
 x - 6 potions of curing
 A - 2 potions of berserk rage
 U - a potion of magic
Books
 M - a book of Debilitation

   Spells                             Type                      Level
   a - Corona                         Hexes                        1
   b - Slow                           Hexes                        2
   c - Inner Flame                    Hexes/Fire                   3
   d - Portal Projectile              Hexes/Translocation          3
   e - Cause Fear                     Hexes                        4
   f - Leda's Liquefaction            Hexes/Earth                  4
 N - a book of Necromancy

   Spells                             Type                      Level
   a - Pain                           Necromancy                   1
   b - Animate Skeleton               Necromancy                   1
   c - Vampiric Draining              Necromancy                   3
   d - Regeneration                   Charms/Necromancy            3
   e - Animate Dead                   Necromancy                   4
   f - Control Undead                 Necromancy                   4
Comestibles
 f - 10 bread rations
 r - 3 meat rations
 t - 11 fruits
 z - 13 royal jellies


   Skills:
 + Level 11.8 Fighting
 + Level 14.7 Long Blades
 - Level 11.6 Maces & Flails
 + Level 10.5 Armour
 + Level 8.3 Dodging
 + Level 12.1 Shields
 + Level 10.2 Invocations


You had 13 spell levels left.
You didn't know any spells.

Dungeon Overview and Level Annotations

Branches:
Dungeon (13/15)            Temple (0/1) D:5            Lair (6/6) D:9
  Swamp (0/4) Lair:3        Snake (0/4) Lair:4        Slime (0/5) Lair:6
    Orc (2/2) D:12
    Elf: Orc:2       Vaults: D:13-14

Altars:
Ashenzari
Cheibriados
Makhleb
Okawaru
Qazlal
Sif Muna
Trog
Uskayaw
Xom
Zin
Jiyva

Shops:
D:6 !(   D:7 [   D:10 (

Annotations:
Orc:1 Fannar, Gastronok
Orc:2 Erolcha


Innate Abilities, Weirdness & Mutations

You reflexively headbutt those who attack you in melee.
You have a pair of horns on your head.
Your system is resistant to poisons. (rPois)
You are robust. (+10% HP)
You are weak. (Str -2)


Message History

You eat one of the 4 meat rations.
That meat ration really hit the spot!
Unknown command.
An orc priest comes into view. It is wielding a falchion.
An orc wizard and Erolcha come into view.
You hear a shout!
The orc wizard mumbles some strange words.
The orc wizard flickers and vanishes!
Deactivating autopickup; reactivate with Ctrl-A.
Found 13 gold pieces.
You block the orc's attack.
You hear a shout! x2
The orc priest is engulfed in freezing vapours.
Erolcha gestures wildly while chanting.
Erolcha seems to speed up.
You slash the orc priest!
You headbutt the orc priest, but do no damage.
The orc priest is heavily wounded.
The orc priest mumbles some strange prayers to Beogh against you.
Beogh smites you!
You die...

......)<..#
.......O..#
.........##
..........##
..#........#
..$#....§..##
..###.....o.#
.. ###..#o##
##.§.@#
#...§.##
#.$...##
##.... #....
##.## ##


You could see Erolcha and 2 orc priests.

Vanquished Creatures
  Rupert (Lair:6)
  A fire dragon (Lair:6)
  A minotaur (Lab)
  3 hydras
  4 two-headed ogres
  4 death yaks (Lair:5)
  A tengu warrior (D:13)
  2 unseen horrors
  A wolf spider zombie (D:13)
  A lindwurm (Lair:6)
  2 ugly things
  2 cyclopes (D:12)
  A manticore (D:11)
  An orc sorcerer (Orc:1)
  10 black mambas
  8 elephants
  A torpor snail (Lair:1)
  2 molten gargoyles (Lair:6)
  A gargoyle (D:11)
  9 komodo dragons
  14 spiny frogs
  3 rime drakes
  2 polar bears (Lair:6)
  4 trolls
  16 hippogriffs
  4 dream sheep (Lair:6)
  3 blink frogs (Lair:6)
  A slime creature (D:11)
  Sigmund (D:4)
  6 wyverns
  A vampire (D:11)
  6 basilisks
  39 yaks
  4 hungry ghosts
  Grum (D:8)
  2 wraiths
  A steam dragon (D:12)
  3 nagas (Lair:4)
  A soldier ant (D:12)
  3 hell hounds (Lair:6)
  An acid dragon (D:11)
  16 water moccasins
  6 porcupines
  2 sky beasts
  An eye of draining (D:13)
  11 orc warriors
  2 ice beasts
  5 necrophages
  6 ogres
  9 wolves
  5 centaurs
  17 crocodiles
  21 bullfrogs
  2 big kobolds (D:10)
  A gnoll sergeant (D:11)
  2 wyvern skeletons
  6 scorpions
  5 wights (D:10)
  5 electric eels
  3 howler monkeys
  4 jellies
  6 crimson imps
  5 lava snakes (Lair:6)
  2 centaur zombies (D:12)
  2 bullfrog zombies
  14 hounds
  13 orc priests
  3 bullfrog skeletons
  3 centaur skeletons
  3 iguanas
  19 orc wizards
  10 worker ants
  A hound zombie (D:11)
  2 hound skeletons
  3 worker ant zombies
  12 adders
  3 gnolls (D:11)
  A river rat (Lair:6)
  A shadow imp (D:11)
  5 oozes (D:11)
  An adder zombie (D:6)
  2 adder skeletons (D:9)
  A worm (D:2)
  6 leopard geckos
  79 orcs
  8 bats
  3 giant cockroaches
  9 goblins
  5 hobgoblins
  4 jackals (D:4)
  4 quokkas
  A ball python (D:2)
  7 frilled lizards
  10 kobolds
  A leopard gecko skeleton (D:4)
  12 rats
  A fungus (Lair:2)
563 creatures vanquished.

Vanquished Creatures (others)
  13 fungi
  5 plants (Lair:6)
18 creatures vanquished.

Grand Total: 581 creatures vanquished

Notes
Turn   | Place    | Note
-------+----------+-------------------------------------------
     0 | D:1      | greprep the Minotaur Fighter began the quest for the Orb.
     0 | D:1      | Reached XP level 1. HP: 19/19 MP: 0/0
   198 | D:1      | Reached XP level 2. HP: 27/27 MP: 1/1
   834 | D:2      | Reached skill level 3 in Long Blades
   836 | D:2      | Reached XP level 3. HP: 29/33 MP: 2/2
  1311 | D:3      | Found a stormy altar of Qazlal.
  1352 | D:3      | Noticed an air elemental
  1358 | D:3      | Noticed a fire elemental
  1359 | D:3      | Noticed an earth elemental
  1359 | D:3      | Noticed a water elemental
  1364 | D:3      | Became a worshipper of Qazlal Stormbringer
  1525 | D:3      | Reached XP level 4. HP: 40/40 MP: 3/3
  1804 | D:3      | You fall through a shaft for 2 floors!
  1804 | D:5      | Entered Level 5 of the Dungeon
  1807 | D:5      | Found a staircase to the Ecumenical Temple.
  1830 | D:5      | HP: 1/40 [orc/war axe (5)]
  1835 | D:4      | Gained mutation: You are weak. (Str -2) [potion of mutation]
  1835 | D:4      | Gained mutation: You are robust. (+10% HP) [potion of mutation]
  1835 | D:4      | Gained mutation: Your system is resistant to poisons. (rPois) [potion of mutation]
  1837 | D:4      | Reached skill level 4 in Long Blades
  2169 | D:3      | Noticed an ogre
  2175 | D:3      | Killed an ogre
  2175 | D:3      | Reached skill level 1 in Dodging
  2175 | D:3      | Reached XP level 5. HP: 16/51 MP: 4/4
  2467 | D:3      | Found a shattered altar of Ashenzari.
  2475 | D:3      | Found a burning altar of Makhleb.
  2477 | D:3      | Found an iron altar of Okawaru.
  2801 | D:4      | Noticed Sigmund
  2818 | D:4      | Killed Sigmund
  2818 | D:4      | Reached skill level 5 in Long Blades
  2818 | D:4      | Reached skill level 5 in Armour
  2818 | D:4      | Reached skill level 5 in Shields
  2818 | D:4      | Reached XP level 6. HP: 26/58 MP: 5/5
  2987 | D:4      | Found a bloodstained altar of Trog.
  3020 | D:4      | Reached * piety under Qazlal
  3234 | D:5      | Found a shimmering altar of Xom.
  3504 | D:5      | Reached XP level 7. HP: 65/66 MP: 6/6
  3523 | D:5      | Reached skill level 6 in Long Blades
  3592 | D:5      | Reached skill level 5 in Fighting
  3876 | D:5      | Found a shimmering altar of Xom.
  3876 | D:5      | Found a shimmering altar of Xom.
  3876 | D:5      | Found a shimmering altar of Xom.
  3879 | D:5      | Found a shimmering altar of Xom.
  3994 | D:6      | Got a crystal flail
  3995 | D:6      | Identified the +8 flail "Arcanum" {elec, +Inv rPois} (You found it on level 6 of the Dungeon)
  4047 | D:6      | Found Vieczoge's Weapon Shoppe.
  4055 | D:6      | Reached skill level 1 in Invocations
  4129 | D:6      | Found a hide-covered altar of Uskayaw.
  4136 | D:6      | Found Hegim's Distillery.
  4143 | D:6      | Bought a potion of curing for 42 gold pieces
  4143 | D:6      | Bought a potion of heal wounds for 70 gold pieces
  4370 | D:7      | Found a deep blue altar of Sif Muna.
  4478 | D:7      | Reached ** piety under Qazlal
  4479 | D:7      | Noticed a hungry ghost
  4484 | D:7      | Killed a hungry ghost
  4484 | D:7      | Reached skill level 1 in Maces & Flails
  4512 | D:7      | Reached XP level 8. HP: 77/77 MP: 8/8
  4742 | D:7      | Reached skill level 5 in Maces & Flails
  4815 | D:7      | Noticed a hippogriff
  4827 | D:7      | Killed a hippogriff
  4829 | D:7      | Reached XP level 9. HP: 59/82 MP: 10/10
  5074 | D:7      | Found Keonum's Armour Boutique.
  5204 | D:8      | Got a twisted ring mail
  5286 | D:8      | Identified the +4 ring mail "Maskathe" {rElec rCorr Slay+2} (You found it on level 8 of the Dungeon)
  5346 | D:8      | Noticed Grum
  5358 | D:8      | Killed Grum
  5481 | D:8      | Reached *** piety under Qazlal
  5512 | D:8      | Noticed a two-headed ogre
  5519 | D:8      | Killed a two-headed ogre
  5524 | D:8      | Reached XP level 10. HP: 78/94 MP: 12/12
  5537 | D:8      | Reached skill level 10 in Maces & Flails
  6123 | D:9      | Found an iron altar of Okawaru.
  6205 | D:9      | Found a staircase to the Lair.
  6216 | D:9      | Reached skill level 5 in Invocations
  6589 | D:9      | Found a snail-covered altar of Cheibriados.
  6589 | D:9      | Found a glowing silver altar of Zin.
  6741 | D:9      | Reached **** piety under Qazlal
  6824 | D:10     | Entered Level 10 of the Dungeon
  6878 | D:10     | Found Less's Antique Weapon Shop.
  6882 | D:10     | Bought an ancient scimitar for 234 gold pieces
  6882 | D:10     | Identified the +8 scimitar of Deliaba {speed, rN+} (You bought it in a shop on level 10 of the Dungeon)
  7095 | D:10     | Reached skill level 7 in Long Blades
  7096 | D:10     | Noticed a two-headed ogre
  7104 | D:10     | Killed a two-headed ogre
  7153 | D:10     | Reached XP level 11. HP: 90/103 MP: 14/14
  7313 | D:10     | Reached skill level 8 in Long Blades
  7608 | D:10     | Reached ***** piety under Qazlal
  7740 | D:10     | Killed an unseen horror
  8335 | D:11     | Reached skill level 9 in Long Blades
  8662 | D:11     | Reached skill level 10 in Long Blades
  8731 | D:11     | Noticed a two-headed ogre
  8739 | D:11     | Killed a two-headed ogre
  9071 | D:11     | Reached skill level 11 in Long Blades
  9190 | D:11     | Noticed a red ugly thing
  9196 | D:11     | Killed a red ugly thing
  9364 | Lair:1   | Entered Level 1 of the Lair of Beasts
  9497 | Lair:1   | Reached XP level 12. HP: 113/114 MP: 16/16
  9714 | Lair:1   | Found a hide-covered altar of Uskayaw.
  9801 | Lair:1   | Reached skill level 12 in Long Blades
 10224 | Lair:2   | Noticed a four-headed hydra
 10240 | Lair:2   | Killed a 13-headed hydra
 10242 | Lair:2   | Reached skill level 10 in Shields
 11325 | Lair:3   | Reached skill level 13 in Long Blades
 11413 | Lair:3   | Found a staircase to the Swamp.
 11451 | Lair:3   | Noticed a four-headed hydra
 11468 | Lair:3   | Found a labyrinth entrance.
 11474 | Lab      | Entered a labyrinth
 11996 | Lab      | Noticed a minotaur
 12008 | Lab      | Killed a minotaur
 12097 | Lair:3   | Killed a 20-headed hydra
 12097 | Lair:3   | Reached skill level 5 in Dodging
 13333 | Lair:4   | Found a staircase to the Snake Pit.
 13377 | Lair:4   | Noticed an eight-headed hydra
 13394 | Lair:4   | Reached skill level 10 in Fighting
 13418 | Lair:4   | Killed a nine-headed hydra
 13418 | Lair:4   | Reached XP level 13. HP: 52/124 MP: 18/18
 13785 | Lair:4   | Reached ****** piety under Qazlal
 15498 | Lair:6   | Entered Level 6 of the Lair of Beasts
 15508 | Lair:6   | Noticed Rupert
 15541 | Lair:6   | Killed Rupert
 15551 | Lair:6   | Reached skill level 14 in Long Blades
 16228 | Lair:6   | Reached XP level 14. HP: 115/136 MP: 20/20
 16278 | Lair:6   | Found a large runed door.
 16278 | Lair:6   | Found a large runed door.
 16862 | Lair:6   | Got a slimy cloak
 16896 | Lair:6   | Identified the +0 cloak of the Sun {+Inv +Fly Dex+5} (You found it on level 6 of the Lair of Beasts)
 17052 | Lair:6   | Found a viscous altar of Jiyva.
 17052 | Lair:6   | Found a staircase to the Slime Pits.
 17309 | Lair:6   | Reached skill level 10 in Armour
 17775 | D:12     | Reached skill level 10 in Invocations
 17905 | D:12     | Found a staircase to the Orcish Mines.
 18344 | Orc:1    | Entered Level 1 of the Orcish Mines
 18352 | Orc:1    | Noticed Gastronok
 18366 | Orc:1    | Noticed Fannar
 18382 | Orc:2    | Entered Level 2 of the Orcish Mines
 18390 | Orc:2    | Noticed Erolcha
 18398 | Orc:2    | Killed from afar by an orc priest

Skill      XL: |  1  2  3  4  5  6  7  8  9 10 11 12 13 14 |
---------------+-------------------------------------------+-----
Shields        | 4 5 6 7 8 9 10 11 12 | 12.1
Fighting       | 4 5 6 7 8 9 10 11 | 11.8
Long Blades    | 3 4 5 6 7 11 13 14 | 14.7
Armour         | 4 5 6 7 8 9 10 | 10.5
Dodging        | 1 2 3 4 5 7 8 |  8.3
Invocations    | 2 3 4 5 7 8 9 10 | 10.2
Maces & Flails | 2 6 9 11 | 11.6

Action                   |  1- 3 |  4- 6 |  7- 9 | 10-12 | 13-15 || total
-------------------------+-------+-------+-------+-------+-------++-------
Melee: Long sword        |    89 |   134 |    44 |       |       ||   267
       Headbutt          |    12 |    25 |    35 |   151 |   151 ||   374
       Flail             |       |       |   134 |    89 |       ||   223
       Scimitar          |       |       |       |   548 |   568 ||  1116
Invok: Disaster Area     |       |       |       |       |     2 ||     2
  Use: Potion            |       |     3 |       |     3 |     5 ||    11
       Scroll            |       |       |       |       |    16 ||    16
  Eat: Chunk             |     1 |     7 |     7 |    14 |     3 ||    32
       Fruit             |       |       |       |     3 |     2 ||     5
       Royal jelly       |       |       |       |     1 |     2 ||     3
       Meat ration       |       |       |       |     2 |     2 ||     4
Armor: Scale mail        |    41 |    47 |    58 |       |       ||   146
       Ring mail         |       |       |    18 |   175 |   110 ||   303
Dodge: Dodged            |    26 |    38 |    47 |   161 |   143 ||   415
       Deflected         |       |       |       |     6 |     4 ||    10
Block: Shield            |    45 |    68 |   121 |   429 |   392 ||  1055
       Rpst.: Long sword |     7 |    16 |     5 |       |       ||    28
       Scimitar          |       |       |       |    21 |    24 ||    45
